 Dungeon Crawl Stone Soup version 0.30-a0-778-g2ef04afb54 (webtiles) character file.

Game seed: 17357033234616699673

375 Leeroy the Slasher (level 6, -3/30 HPs)
             Began as a Vine Stalker Warper on Feb 16, 2023.
             Was a Believer of Makhleb.
             Slain by an orc
             ... wielding a +0 flail
              (7 damage)
             ... on level 4 of the Dungeon.
             The game lasted 00:04:11 (2608 turns).

Leeroy the Slasher (Vine Stalker Warper)            Turns: 2608, Time: 00:04:11

Health: -3/30      AC:  5    Str: 13    XL:     6   Next: 72%
Magic:  0/10       EV: 11    Int: 13    God:    Makhleb [**....]
Gold:   141        SH:  0    Dex: 16    Spells: 4/9 levels left

rFire   . . .      SeeInvis .    s - +2 rapier (venom)
rCold   . . .      Faith    .    (no shield)
rNeg    + . .      Spirit   +    b - +0 leather armour
rPois   .          Reflect  .    t - +0 helmet
rElec   .          Harm     .    (no cloak)
rCorr   .          Rampage  .    (no gloves)
Will    .....                    j - +0 pair of boots
Stlth   +                        (no amulet)
HPRegen 1.05/turn                g - ring of positive energy
MPRegen 0.12/turn                (no ring)

@: lethally poisoned (-3 -> -4)
A: fangs 2, regeneration 1, magic shield, antimagic bite, no potion heal 2
a: Renounce Religion, Minor Destruction


You were on level 4 of the Dungeon.
You worshipped Makhleb.
Makhleb was pleased with you.
You visited 1 branch of the dungeon, and saw 4 of its levels.

You collected 185 gold pieces.
You spent 44 gold pieces at shops.

Inventory:

Hand Weapons
 a - a +0 falchion
 l - a +2 dagger of protection
 m - a +2 dagger of holy wrath
 q - a +0 whip of electrocution
 s - a +2 rapier of venom (weapon)
 B - the +9 sling "Ahiguy Uttu" {freeze, Stlth+}
   (You found it on level 4 of the Dungeon)

   Stlth:     It makes you more stealthy.
Missiles
 d - 7 boomerangs of dispersal (quivered)
 n - 8 javelins
 y - 3 silver boomerangs
 z - 12 poisoned darts
Armour
 b - a +0 leather armour (worn)
 j - a +0 pair of boots (worn)
 t - a +0 helmet (worn)
Jewellery
 g - a ring of positive energy (left hand)
Wands
 k - a wand of flame (13)
 u - a wand of paralysis (7)
Scrolls
 c - a scroll of blinking
 e - 2 scrolls of poison
 i - 2 scrolls of noise
 p - 2 scrolls of teleportation
 A - a scroll of enchant armour {unknown}
Potions
 f - a potion of berserk rage
 h - a potion of flight {unknown}
 o - 2 potions of magic {unknown}
 r - 2 potions of resistance {unknown}
 v - 2 potions of curing {unknown}
 w - a potion of invisibility {unknown}
 x - 3 potions of attraction {unknown}


   Skills:
 - Level 1.7 Fighting
 + Level 6.3 Long Blades
 - Level 0.8 Throwing
 - Level 0.7 Armour
 - Level 1.5 Dodging
 - Level 2.1 Spellcasting
 - Level 3.0 Translocations


You had 4 spell levels left.
You knew the following spells:

 Your Spells              Type           Power      Damage    Failure   Level
a - Blink                 Tloc           18%        N/A       14%         2
b - Vhi's Electric Charg  Tloc/Air       10%        N/A       45%         3

Your spell library contained the following spells:

 Spells                   Type           Power      Damage    Failure   Level
 Lesser Beckoning         Tloc           18%        N/A       14%         2
 Momentum Strike          Conj/Tloc      10%        3d8       26%         2
 Gell's Gravitas          Tloc           9%         N/A       28%         3
 Teleport Other           Tloc           9%         N/A       28%         3
 Manifold Assault         Tloc           9%         N/A       67%         4


Dungeon Overview and Level Annotations

Branches:
Dungeon (4/15)
 Temple: D:4-7

Altars:
Makhleb

Shops:
D:4 *?


Innate Abilities, Weirdness & Mutations

You have extremely sharp teeth.
Your natural rate of healing is unusually fast.
When hurt, damage is shared between your health and your magic reserves.
Your bite disrupts and absorbs the magic of your enemies.
Potions cannot restore your health.


Message History

Your punch misses the orc wizard.
The orc wizard is moderately wounded.
You feel sick. The adder bites you. The kobold barely misses you.
The kobold hits you with a +0 hand axe. The orc hits you with a +0 dagger.
The orc wizard barely misses you. The adder bites you.
You closely miss the orc wizard.
The orc wizard is heavily wounded.
You feel sick. The adder bites you but does no damage.
The kobold closely misses you. x2; The orc hits you but does no damage.
The orc wizard hits you with a +0 dagger.
You are too injured to fight recklessly!
You are too injured to fight recklessly!
You are too injured to fight recklessly!
You are too injured to fight recklessly!
You barely miss the orc. Your bite misses the orc.
You feel sick. The adder bites you but does no damage.
The kobold barely misses you. The kobold closely misses you.
The orc barely misses you. The orc hits you but does no damage.
The orc wizard closely misses you.
You closely miss the orc. You bite the orc. You drain its power.
You feel invigorated.
The orc is severely wounded.
You feel sick.
You kill the orc wizard!
Makhleb accepts your kill. The adder bites you. The orc closely misses you.
The kobold misses you. The kobold hits you but does no damage.
The orc hits you with a +0 flail. The adder bites you but does no damage.
You hit the orc.
You kill the orc!
Makhleb accepts your kill.
You can now harness Makhleb's destructive might.
You feel sick. The adder bites you but does no damage.
The kobold closely misses you. The kobold barely misses you.
The orc hits you with a +0 flail!
* * * LOW HITPOINT WARNING * * *
The kobold attacks as you move away! The kobold hits you with a +0 club.
* * * LOW HITPOINT WARNING * * *
You feel sick. The adder bites you but does no damage.
The orc hits you with a +0 flail!
You die...

..(....)) ...' .....#...
...# ######... ...# ##..
## ....# #.#. #. #...#
#.#∩ ##'##...### #.#.
##.........# ##..
..#...S@o....########...
......KK)....##.....#...
.............##.........
...#.........##.........
...'.........##......###
...#.........##......#
>.............#......#
..#########...#......# #
#...'......##


You could see an adder, an orc and 2 kobolds.

Vanquished Creatures
  A scorpion (D:4)
  Jessica (D:3)
  4 orc wizards
  4 gnolls (D:4)
  5 adders
  A worm (D:2)
  2 dart slugs
  8 orcs
  6 bats
  7 endoplasms
  A giant cockroach (D:2)
  8 goblins
  10 hobgoblins
  7 jackals
  4 quokkas
  5 ball pythons
  5 frilled lizards
  7 kobolds
  7 rats
93 creatures vanquished.

Notes
Turn   | Place    | Note
-------+----------+-------------------------------------------
     0 | D:1      | Leeroy the Vine Stalker Warper began the quest for the Orb.
     0 | D:1      | Reached XP level 1. HP: 11/11 MP: 4/4
    71 | D:1      | Reached skill level 2 in Long Blades
   211 | D:1      | Reached XP level 2. HP: 11/15 MP: 6/6
   627 | D:2      | Found a burning altar of Makhleb.
   647 | D:2      | Reached skill level 3 in Long Blades
   647 | D:2      | Reached XP level 3. HP: 17/18 MP: 5/7
   655 | D:2      | Became a worshipper of Makhleb the Destroyer
  1285 | D:2      | Gained mutation: Your natural rate of healing is unusually
                  | fast. [Vine Stalker growth]
  1285 | D:2      | Reached XP level 4. HP: 19/23 MP: 8/8
  1438 | D:3      | Reached skill level 4 in Long Blades
  1475 | D:3      | Reached * piety under Makhleb
  1673 | D:3      | Learned a level 2 spell: Blink
  1677 | D:3      | Learned a level 3 spell: Vhi's Electric Charge
  1752 | D:3      | Reached XP level 5. HP: 24/26 MP: 7/9
  1836 | D:3      | Noticed Jessica
  1845 | D:3      | Killed Jessica
  1882 | D:3      | Reached skill level 5 in Long Blades
  1924 | D:3      | Found a faded altar of an unknown god.
  2208 | D:4      | Found Aceomm's Magic Scroll Shoppe.
  2213 | D:4      | Bought a scroll of identify for 22 gold pieces
  2215 | D:4      | Bought a scroll of identify for 22 gold pieces
  2355 | D:4      | Reached XP level 6. HP: 30/30 MP: 10/10
  2363 | D:4      | Found Mohotwuatt's Neck Hole.
  2386 | D:4      | Reached skill level 6 in Long Blades
  2592 | D:4      | Identified the +9 sling "Ahiguy Uttu" {freeze, Stlth+}
  2607 | D:4      | Reached ** piety under Makhleb
  2608 | D:4      | Slain by an orc

Illustrated notes

Levels and vault maps discovered:
D:1:      wander_arrival_chamber, layout_basic
D:2:      minmay_diamond_boxcup, layout_loops_ring, basic_altar
D:3:      layout_basic, hellmonk_ecumenical_altar_inner_sanctum, nrook_uturn,
          uniq_jessica
D:4:      layout_basic, serial_shops, kennysheep_little_box,
          minmay_shop_enchanted_jewellery, nicolae_shop_sticking_my_neck_out

Skill      XL: |  1  2  3  4  5  6 |
---------------+-------------------+-----
Long Blades    | 2 3 4 5 6 |  6.3
Fighting       | |  1.7
Throwing       | |  0.8
Armour         | |  0.7
Dodging        | |  1.5
Spellcasting   | |  2.1
Translocations | |  3.0

Action                     |  1- 3 |  4- 6 || total
---------------------------+-------+-------++-------
  Melee: Falchion          |    99 |    40 ||   139
         Bite              |    23 |    33 ||    56
         Rapier            |       |   124 ||   124
         Punch             |       |     2 ||     2
    Use: Scroll            |       |     4 ||     4
   Stab: Sleeping          |     2 |       ||     2
 Armour: Leather armour    |    39 |    59 ||    98
  Dodge: Dodged            |    94 |    95 ||   189

Table legend: (Time is in decaauts)
 A = Elapsed time spent in this place.
 B = Non-inter-level travel time spent in this place.
 C = Inter-level travel time spent in this place.
 D = Time resting spent in this place.
 E = Time spent auto-exploring this place.
 F = Levels seen in this place.
 G = Mean time per level.
                   A        B        C        D        E       F      G
               +--------+--------+--------+--------+--------+-----+--------+
         Total |   2630 |   2528 |    102 |      0 |   1877 |   4 |  657.5 |
       Dungeon |   2630 |   2528 |    102 |      0 |   1877 |   4 |  657.5 |
               +--------+--------+--------+--------+--------+-----+--------+

Top non-repeatable levels by time:
     D:2: 792 daAuts
     D:3: 763 daAuts
     D:1: 623 daAuts
     D:4: 451 daAuts
